Map: Submarine LE

Players

EON - Winner!

  • Race: Zerg Zerg
  • League: Master
  • Spawn Location: 11:00

Artcs

  • Race: Terran Terran
  • League: Master
  • Spawn Location: 5:00

VOD

Have the link to the VOD?

Description

Time

  • Played on: Feb. 20, 2021, 11:50 p.m.
  • Length: 9:22
Show
View Real Time Build Order
Export as new Build Order

EON Zerg - Winner!

Build Orders: Hatch First, Roach Hydra 

Get SALT Encoding   

  12  0:01  Drone  
  13  0:13  Overlord  
  13  0:17  Drone  
  14  0:31  Drone x2  
  16  0:50  Hatchery  
  16  0:52  Drone  
  16  0:55  Drone  
  17  0:58  Drone  
  18  1:13  Spawning Pool  
  18  1:15  Drone  
  18  1:18  Drone  
  19  1:31  Drone  
  20  1:40  Hatchery  
  20  1:42  Drone  
  20  2:00  Queen  
  22  2:01  Queen  
  22  2:03  Zergling x2  
  22  2:06  Drone  
  26  2:08  Drone  
  26  2:14  Overlord  
  27  2:18  Drone  
  28  2:35  Queen  
  30  2:37  Queen  
  31  2:44  Drone x2  
  31  2:46  Drone x2  
  31  2:50  Overlord  
  35  2:54  Queen  
  37  3:03  Extractor  
  37  3:04  Extractor  
  35  3:09  Drone x2  
  35  3:11  Drone x3  
  40  3:16  Drone x3  
  43  3:22  Drone x2  
  43  3:26  Drone  
  46  3:27  Drone  
  46  3:33  Roach Warren  
  46  3:43  Drone x3  
  46  3:44  Overlord  
  46  3:47  Overlord  
  49  3:53  Overlord  
  49  4:02  Overlord  
  49  4:13  Roach  
  49  4:14  Roach x2  
  49  4:15  Roach  
  49  4:16  Roach x3  
  63  4:17  Roach  
  63  4:18  Roach  
  63  4:23  Overlord  
  67  4:28  Drone  
  68  4:31  Lair  
  68  4:32  Drone  
  69  4:39  Overlord x2  
  69  4:40  Drone  
  70  4:49  Drone x3  
  73  4:59  Drone x4  
  77  5:01  Drone x5  
  77  5:02  Spore Crawler  
  77  5:04  Spore Crawler  
  80  5:12  Drone  
  80  5:14  Drone  
  82  5:17  Drone  
  82  5:18  Drone  
  82  5:19  Drone  
  83  5:32  Drone  
  84  5:36  Drone  
  84  5:37  Drone x2  
  84  5:39  Drone x3  
  88  5:48  Drone  
  87  5:50  Spore Crawler  
  87  5:51  Drone  
  87  5:52  Hydralisk Den  
  87  5:53  Extractor  
  87  5:54  Extractor  
  87  5:57  Roach, Extractor  
  79  5:58  Roach x4, Extractor  
  79  6:00  Overlord  
  86  6:04  Roach  
  86  6:06  Roach  
  86  6:10  Roach  
  86  6:11  Roach  
  88  6:14  Overlord x2  
  88  6:19  Evolution Chamber  
  88  6:20  Evolution Chamber  
  88  6:22  Drone  
  88  6:24  Hydralisk x3, Overseer  
  93  6:26  Hydralisk x2  
  93  6:28  Overlord x2  
  97  6:42  Drone, Glial Reconstitution  
  98  6:48  Grooved Spines  
  98  6:50  Drone x4  
  102  6:55  Overlord  
  102  6:56  Zerg Missile Weapons Level 1  
  102  7:01  Overlord x3  
  102  7:04  Zerg Ground Armor Level 1  
  102  7:06  Hatchery  
  101  7:10  Drone  
  101  7:12  Drone  
  101  7:14  Hydralisk x2  
  107  7:20  Extractor  
  107  7:21  Hydralisk x5, Spore Crawler  
  115  7:23  Hydralisk  
  116  7:32  Overlord, Drone x2  
  116  7:36  Drone x2, Infestation Pit  
  115  7:40  Drone x2  
  115  7:50  Hydralisk x2  
  118  7:56  Hydralisk  
  118  7:57  Hydralisk x5  
  130  8:01  Overlord x2  
  130  8:03  Hydralisk, Muscular Augments  
  132  8:07  Drone x3  
  135  8:17  Hydralisk  
  135  8:18  Hydralisk x3  
  143  8:20  Queen, Drone  
  143  8:21  Drone x2  
  143  8:22  Drone  
  143  8:23  Drone x3  
  152  8:34  Drone  
  152  8:36  Drone  
  152  8:37  Drone x2, Extractor  
  152  8:38  Drone  
  156  8:52  Hydralisk x5  
  166  8:57  Hydralisk  
  166  8:58  Hydralisk  
  166  9:02  Roach  
Show
View Real Time Build Order
Export as new Build Order

Artcs Terran 

Build Orders: Reaper Expand, Hellion Banshee 

Get SALT Encoding   

  12  0:00  SCV  
  13  0:12  SCV  
  14  0:17  Supply Depot  
  14  0:24  SCV  
  15  0:38  SCV  
  15  0:39  Barracks  
  16  0:44  Refinery  
  16  0:50  SCV  
  17  1:02  SCV  
  18  1:15  SCV  
  19  1:28  Orbital Command  
  19  1:29  Reaper  
  20  1:45  Command Center  
  20  1:56  SCV  
  20  2:01  Marine  
  21  2:06  Bunker  
  22  2:09  SCV  
  23  2:15  Factory  
  23  2:22  Refinery  
  23  2:25  Supply Depot  
  23  2:39  Barracks Reactor  
  23  2:46  SCV  
  24  2:58  SCV  
  24  2:59  Starport  
  24  3:01  Hellion  
  24  3:02  Orbital Command  
  27  3:10  SCV  
  28  3:22  SCV  
  29  3:33  Hellion x2  
  33  3:35  SCV  
  33  3:38  Starport Tech Lab  
  33  3:39  Barracks Tech Lab  
  33  3:40  Viking  
  36  3:42  SCV  
  37  3:54  SCV  
  37  3:56  SCV  
  37  3:58  Hellion x2  
  37  4:02  Fusion Core  
  42  4:06  SCV  
  42  4:08  Supply Depot  
  43  4:16  SCV  
  44  4:18  SCV  
  44  4:23  Supply Depot  
  45  4:28  SCV  
  45  4:30  Hellion x2, SCV  
  51  4:36  Supply Depot  
  51  4:37  Barracks Tech Lab  
  51  4:39  Supply Depot  
  51  4:44  Banshee  
  55  4:45  SCV  
  55  4:54  Hellion x2  
  54  5:15  Hellion  
  54  5:17  Command Center  
  52  5:24  SCV  
  52  5:26  SCV, Banshee  
  56  5:33  Marine  
  57  5:36  SCV  
  57  5:38  Hellion  
  60  5:45  Supply Depot  
  59  5:51  Supply Depot  
  59  5:57  SCV  
  59  6:00  Hellion  
  57  6:14  Hellion, Marine  
  61  6:23  Supply Depot  
  59  6:27  SCV  
  60  6:40  Hellion x2  
  60  6:41  Battlecruiser  
  60  6:44  Factory  
  70  6:49  SCV  
  70  6:50  Supply Depot  
  71  6:55  SCV, Orbital Command  
  71  7:00  Refinery, Marine  
  73  7:01  Refinery  
  73  7:05  Factory  
  73  7:09  SCV  
  73  7:13  Armory  
  74  7:16  SCV  
  74  7:18  Marine  
  74  7:22  Hellion x2, SCV  
  75  7:26  SCV  
  75  7:29  SCV  
  73  7:32  Factory Tech Lab  
  71  7:40  SCV  
  71  7:43  SCV  
  73  7:44  SCV  
  74  7:56  Hellion x2  
  74  7:58  SCV  
  77  8:01  Factory Tech Lab, Siege Tank  
  77  8:02  Liberator  
  77  8:04  SCV  
  84  8:10  SCV  
  84  8:11  Orbital Command  
  80  8:14  Supply Depot  
  80  8:18  SCV, Hellion x2  
  80  8:19  Siege Tank  
  87  8:25  Supply Depot  
  87  8:26  SCV  
  88  8:35  Armory, SCV  
  88  8:36  SCV  
  90  8:44  SCV  
  90  8:48  SCV  
  92  8:49  Hellion  
  97  8:58  SCV  
  97  8:59  Supply Depot  
  102  9:02  SCV  
  102  9:07  SCV  
  102  9:08  Refinery  
Tags
 
Add a new tag
Caveats
  • Supply blocks, unpowered buildings, or Contaminate may cause inaccurate times.
  • Supply counts are checked every 10 seconds.